 Dungeon Crawl Stone Soup version bcrawl-1.21.2-1-g32d02e0829 (webtiles) character file.

Game seed: 3673616466171621477

725 Freyura the Cudgeler (level 7, -3/71 HPs)
             Began as a Troll Monk on Feb 24, 2020.
             Slain by a cyclops (27 damage)
             ... on level 5 of the Dungeon.
             The game lasted 00:11:22 (3375 turns).

Freyura the Cudgeler (Troll Monk)                   Turns: 3375, Time: 00:11:22

Health: -3/71      AC: 10    Str: 20    XL:     7   Next: 43%
Magic:  0/7        EV: 10    Int:  7    God:
Gold:   306        SH:  0    Dex: 14    Spells: 6/6 levels left

rFire    . . .     SeeInvis .     - Unarmed
rCold    . . .     Gourm    +   (no shield)
rNeg     + . .     Faith    .   (armour unavailable)
rPois    .         Spirit   +   a - +2 hat
rElec    .         Reflect  .   (no cloak)
rCorr    .         Harm     .   (gloves unavailable)
MR       .....                  (boots unavailable)
Stlth    ++........             b - amulet of guardian spirit
HPRegen  0.61/turn              g - +1 ring of protection
MPRegen  0.10/turn              q - ring of positive energy

@: no status effects
A: large, almost no armour, unfitting armour, claws 3, fast metabolism 3,
gourmand, regeneration 1, AC +7
a: no special abilities


You were on level 5 of the Dungeon.
You were very full.

You visited 1 branch of the dungeon, and saw 5 of its levels.

You collected 306 gold pieces.

Inventory:

Hand Weapons
 t - a +0 giant spiked club
Armour
 a - a +2 hat (worn)
Jewellery
 b - an amulet of guardian spirit (around neck)
 f - an uncursed amulet of faith
 g - a +1 ring of protection (left claw)
 q - a ring of positive energy (right claw)
Scrolls
 j - 3 scrolls of identify
 l - a scroll of remove curse
Potions
 c - 2 potions of curing
 d - a potion of heal wounds
 h - a potion of magic
 i - a potion of degeneration {unknown}
 k - 2 potions of mutation {unknown}
 m - 2 potions of lignification
 o - a potion of cancellation {unknown}
 p - a potion of haste {unknown}
 r - a potion of might {unknown}
Comestibles
 e - 8 rations {!d}


   Skills:
 + Level 4.5 Fighting
 * Level 5.3 Maces & Flails
 - Level 2.4 Dodging
 - Level 1.1 Stealth
 - Level 4.9 Unarmed Combat
   Level 2.0 Invocations


You had 6 spell levels left.
You didn't know any spells.
Your spell library was empty.

Dungeon Overview and Level Annotations

Branches:
Dungeon (5/12)
 Temple: D:4-7

Altars:
Nemelex Xobeh
Xom
Yredelemnul

Shops:
D:5 (

Annotations:
D:4 3 runed translucent doors, yrara's ghost, novice DsFi


Innate Abilities, Weirdness & Mutations

You cannot wear most types of armour.
Your thick skin is tough. (AC +7)
You are too large for most types of armour.
You have claws for hands.
Your metabolism is lightning-fast.
You like to eat raw meat.
Your natural rate of healing is unusually fast.


Message History

The cyclops throws a large rock.
The large rock hits you!!
Things that are here:
a +0 club; a +0 ring mail The cyclops throws a large rock.
The large rock hits you!
You are too injured to fight recklessly!
You are too injured to fight recklessly!
You are too injured to fight recklessly!
You are too injured to fight recklessly!
The cyclops throws a large rock.
The large rock barely misses you. The cyclops hits you!!
You scratch the cyclops but do no damage.
The cyclops misses you.
You scratch the cyclops but do no damage.
You scratch the cyclops. You claw the cyclops!
The cyclops is moderately wounded.
The cyclops barely misses you.
You claw the cyclops! You claw the cyclops, but do no damage.
The cyclops is heavily wounded.
The cyclops hits you!!
You die...

#...... #+##### # #
.# # ...##########
#..........+##
##..........).#
......C@....).#
.##...........#
#...........#
#...........#
#...........#
.....%.?.....######
######.####........#
#. #........#
#........#


You could see a cyclops.

Vanquished Creatures
  A sky beast (D:4)
  An ogre (D:4)
  A centaur (D:5)
  A bullfrog (D:4)
  A howler monkey (D:3)
  A crimson imp (D:4)
  2 orc priests (D:4)
  A hound (D:4)
  An orc wizard (D:4)
  A centaur skeleton (D:4)
  Jessica (D:2)
  6 adders
  2 oozes (D:3)
  2 adder zombies (D:5)
  2 worms
  A leopard gecko (D:1)
  8 orcs
  2 ball pythons (D:4)
  5 bats
  3 giant cockroaches
  2 gnoll zombies (D:3)
  5 goblins
  5 hobgoblins
  11 jackals
  5 kobolds
  3 quokkas
  3 frilled lizards (D:1)
  7 rats
84 creatures vanquished.

Vanquished Creatures (others)
  5 dream sheep (D:4)
  2 fungi (D:4)
  2 plants (D:4)
9 creatures vanquished.

Grand Total: 93 creatures vanquished

Notes
Turn   | Place    | Note
-------+----------+-------------------------------------------
     0 | D:1      | Freyura the Troll Monk began the quest for the Orb.
     0 | D:1      | Reached XP level 1. HP: 22/22 MP: 1/1
   172 | D:1      | Reached XP level 2. HP: 26/29 MP: 2/2
   659 | D:2      | Reached XP level 3. HP: 36/36 MP: 3/3
   749 | D:2      | Noticed Jessica
   757 | D:2      | Killed Jessica
   862 | D:2      | Reached skill level 1 in Maces & Flails
  1245 | D:3      | Found a sparkling altar of Nemelex Xobeh.
  1276 | D:3      | Gained mutation: Your natural rate of healing is unusually
                  | fast. [Troll growth]
  1276 | D:3      | Reached XP level 4. HP: 45/45 MP: 4/4
  1763 | D:3      | Reached skill level 2 in Maces & Flails
  1763 | D:3      | Reached XP level 5. HP: 50/53 MP: 5/5
  2099 | D:3      | Found a basalt altar of Yredelemnul.
  2313 | D:4      | Noticed an ogre
  2321 | D:4      | Killed an ogre
  2458 | D:4      | Reached XP level 6. HP: 52/62 MP: 6/6
  2461 | D:4      | Reached skill level 3 in Maces & Flails
  2519 | D:4      | Noticed a sky beast
  2541 | D:4      | Killed a sky beast
  2541 | D:4      | Reached skill level 4 in Maces & Flails
  2704 | D:4      | Reached XP level 7. HP: 69/70 MP: 7/7
  2717 | D:4      | Noticed a dream sheep
  2717 | D:4      | Noticed a dream sheep
  2717 | D:4      | Noticed a dream sheep
  2717 | D:4      | Noticed a dream sheep
  2717 | D:4      | Noticed a dream sheep
  2717 | D:4      | Found a shimmering altar of Xom.
  2722 | D:4      | Killed a dream sheep
  2722 | D:4      | Killed a dream sheep
  2722 | D:4      | Killed a dream sheep
  2722 | D:4      | Killed a dream sheep
  2724 | D:4      | Killed a dream sheep
  2892 | D:4      | Found a runed translucent gate.
  2892 | D:4      | Noticed yrara's ghost (novice DsFi)
  2893 | D:4      | Found a runed translucent gate.
  2893 | D:4      | Found a runed translucent gate.
  2896 | D:4      | Identified the +5 whip of Quick Death {drain, Fragile rPois
                  | rN+ Dex+3}
  3108 | D:5      | Entered Level 5 of the Dungeon
  3136 | D:5      | Found Zahoume's Antique Weapon Emporium.
  3274 | D:5      | Reached skill level 5 in Maces & Flails
  3365 | D:5      | Noticed a cyclops
  3375 | D:5      | Slain by a cyclops

Skill      XL: |  1  2  3  4  5  6  7 |
---------------+----------------------+-----
Unarmed Combat | 4 |  4.9
Maces & Flails | 1 2 4 5 |  5.3
Fighting       | 3 4 |  4.5
Dodging        | |  2.4
Stealth        | |  1.1
Invocations    | |  2.0

Action                   |  1- 3 |  4- 6 |  7- 9 || total
-------------------------+-------+-------+-------++-------
Melee: Unarmed           |    84 |   117 |    47 ||   248
       Giant spiked club |       |    23 |       ||    23
       Punch             |       |     2 |     2 ||     4
  Use: Scroll            |       |     8 |       ||     8
 Stab: Sleeping          |     8 |     3 |     2 ||    13
       Distracted        |     1 |     1 |       ||     2
  Eat: Chunk             |    12 |    10 |     3 ||    25
Armor: Skin              |    40 |    65 |    16 ||   121
Dodge: Dodged            |    30 |    65 |    26 ||   121
